 Dungeon Crawl Stone Soup version 0.25-a0-58-g9dd530fc12 (webtiles) character file.

Game seed: 11126700609064050507, levelgen mode: deterministic

23328 Gargoyl the Nimble (level 12, -2/103 HPs)
             Began as a Red Draconian Abyssal Knight on Oct 26, 2019.
             Was the Champion of Lugonu.
             Slain by a six-headed hydra (4 damage)
             ... on level 5 of the Lair of Beasts.
             The game lasted 00:33:37 (17339 turns).

Gargoyl the Nimble (Red Draconian Abyssal Knight)  Turns: 17339, Time: 00:33:38

Health: -2/103     AC: 14    Str: 21    XL:     12   Next: 70%
Magic:  19/19      EV: 15    Int: 13    God:    Lugonu [******]
Gold:   991        SH: 12    Dex: 11    Spells: 11/11 levels left

rFire    + + .     SeeInvis .   s - +8 whip "Snakebite" {curare, rPois}
rCold    . . .     Gourm    .   a - +2 shield
rNeg     . . .     Faith    .   (armour unavailable)
rPois    +         Spirit   .   (helmet restricted)
rElec    .         Reflect  .   l - scarf {cloud immunity}
rCorr    .         Harm     .   x - +2 pair of gloves
MR       .....                  u - +2 pair of boots {Stlth+}
Stlth    ++++......             (no amulet)
HPRegen  0.27/turn              I - ring of protection from fire
MPRegen  0.16/turn              C - +2 ring of strength

@: short of breath
A: breathe fire, unfitting armour, fire resistance 1, mutation resistance 2,
cold-blooded, AC +8
a: Breathe Fire, Depart the Abyss, Bend Space, Banish, Corrupt, Enter the Abyss,
Brand Weapon With Distortion, Renounce Religion


You were on level 5 of the Lair of Beasts.
You worshipped Lugonu.
Lugonu was exalted by your worship.
You were not hungry.

You visited 2 branches of the dungeon, and saw 14 of its levels.
You visited the Abyss 1 time.
You also visited: Sewer.

You collected 1108 gold pieces.
You spent 117 gold pieces at shops.

Inventory:

Hand Weapons
 o - the +11 war axe of Sumebb {elec, Str+4 Dex+2, unknown}
   (You found it on level 5 of the Lair of Beasts)

   Occasionally, upon striking a foe, it will discharge some electrical energy
   and cause terrible harm.
   It affects your strength (+4).
   It affects your dexterity (+2).
 p - a +2 long sword of holy wrath
 s - the +8 whip "Snakebite" (weapon) {curare, rPois}
   (You found it on level 4 of the Dungeon)

   It poisons the flesh of those it strikes.
   It protects you from poison.
 D - a +1 hand axe of electrocution
 F - a +5 whip of electrocution
 G - a +4 hand axe
Missiles
 h - 7 javelins (quivered)
Armour
 a - a +2 shield (worn)
 l - a scarf of cloud immunity (worn)
 u - a +2 pair of boots of stealth (worn)
 x - a +2 pair of gloves (worn)
Jewellery
 c - an uncursed ring of resist corrosion
 C - a +2 ring of strength (right hand)
 I - a ring of protection from fire (left hand)
Wands
 k - a wand of scattershot (7)
 y - a wand of polymorph (8)
 B - a wand of flame (35)
 E - a wand of random effects (35)
Scrolls
 e - 8 scrolls of teleportation
 f - a scroll of fog
 t - 4 scrolls of identify
 w - 4 scrolls of remove curse
 H - 2 scrolls of blinking
Potions
 d - 4 potions of brilliance
 g - 9 potions of heal wounds
 i - 2 potions of haste
 j - 2 potions of agility
 m - 11 potions of curing
 n - a potion of magic
 q - 4 potions of flight
 r - a potion of berserk rage {unknown}
 v - 2 potions of might
 z - 2 potions of lignification {unknown}
 A - a potion of degeneration {unknown}
Comestibles
 b - 15 rations


   Skills:
 + Level 8.5 Fighting
 + Level 4.2 Long Blades
 + Level 2.9(7.3) Axes
 + Level 10.4(10.6) Maces & Flails
 * Level 10.8 Dodging
 + Level 5.8 Stealth
 + Level 5.6 Shields
 * Level 10.1 Invocations


You had 11 spell levels left.
You didn't know any spells.
Your spell library contained the following spells:

 Spells                   Type           Power        Failure   Level  Hunger
 Magic Dart               Conj           #...         71%         1    ##.....
 Searing Ray              Conj           #.....       83%         2    ###....
 Dazzling Spray           Conj/Hex       #.....       97%         3    ####...
 Force Lance              Conj/Tloc      #.......     100%        4    #####..
 Fulminant Prism          Conj/Hex       #.........   100%        4    #####..
 Iskenderun's Mystic Bla  Conj           #.......     100%        4    #####..
 Summon Lightning Spire   Summ/Air       #.......     100%        4    #####..
 Bolt of Magma            Conj/Fire/Erth #.........   100%        5    ######.
 Iskenderun's Battlesphe  Conj/Chrm      #.......     100%        5    ######.
 Silence                  Hex/Air        #.........   100%        5    ######.
 Venom Bolt               Conj/Pois      #.........   100%        5    ######.
 Conjure Ball Lightning   Conj/Air       #.........   100%        6    #######
 Deflect Missiles         Chrm/Air       #.........   100%        6    #######
 Iron Shot                Conj/Erth      #.........   100%        6    #######
 Orb of Destruction       Conj           #.........   100%        7    #######
 Spellforged Servitor     Conj/Summ      #.........   100%        7    #######
 Tornado                  Air            #.........   100%        9    #######


Dungeon Overview and Level Annotations

Branches:
Dungeon (9/15)             Temple (0/1) D:6            Lair (5/6) D:9
 Shoals (0/4) Lair:3        Snake (0/4) Lair:2        Sewer (visited)
  Slime: Lair:5-6       Orc: D:9-12

Altars:
Ashenzari
Dithmenos
Elyvilon
Fedhas
Gozag
Makhleb
Okawaru
Ru
Sif Muna
Uskayaw
Vehumet
Wu Jian
Xom

Shops:
D:8 !

Annotations:
Lair:1 3 runed translucent doors, Shaidar's ghost, novice HOFi


Innate Abilities, Weirdness & Mutations

You can breathe blasts of fire.
Your fiery red scales are hard. (AC +8)
You cannot fit into any form of body armour.
Your flesh is heat resistant. (rF+)
You are cold-blooded and may be slowed by cold attacks.
You are somewhat resistant to both further mutation and mutation removal.


Message History

The six-headed hydra barely misses you.
The six-headed hydra bites you but does no damage. x2
You block the six-headed hydra's attack.
The six-headed hydra bites you.
The six-headed hydra completely misses you.
The six-headed hydra bites you. The six-headed hydra misses you.
You block the six-headed hydra's attack. x2
The six-headed hydra bites you! x2
* * * LOW HITPOINT WARNING * * *
Press: ? - help, Shift-Dir - straight line, f - six-headed hydra
Aim: a six-headed hydra (heavily wounded, poisoned)
You breathe a blast of fire.
The fiery breath misses the six-headed hydra.
You feel somewhat more hungry. The six-headed hydra bites you!
* * * LOW HITPOINT WARNING * * *
You block the six-headed hydra's attack.
The six-headed hydra barely misses you. The six-headed hydra bites you.
* * * LOW HITPOINT WARNING * * *
The six-headed hydra bites you.
You die...

##..........
#..........#
#..........#
##........#
##........##
##...../...P#
#...........#
##P<........##
##...@D...§P#
####...#####
#####


You could see a six-headed hydra.

Vanquished Creatures
  2 hydras (Lair:4)
  A centaur warrior (D:8)
  Urug (Lair:1)
  Pikel (D:8)
  2 ugly things
  A cyclops (D:8)
  Maurice (D:8)
  4 black mambas
  6 elephants
  4 spiny frogs
  A rime drake (Lair:4)
  4 komodo dragons
  A troll (D:8)
  A hornet (D:8)
  Prince Ribbit (D:8)
  Grinder (D:3)
  3 blink frogs (Lair:3)
  A polar bear (Lair:2)
  5 hippogriffs
  A wyvern (Lair:2)
  8 yaks
  A basilisk (Lair:4)
  A hungry ghost (D:9)
  2 wargs
  6 porcupines
  5 water moccasins
  3 sky beasts (D:6)
  2 eyes of draining
  6 orc warriors
  4 slaves (D:8)
  3 ice beasts
  4 ogres
  A black bear (Lair:4)
  2 phantoms (D:4)
  8 wolves
  6 centaurs
  9 crocodiles
  3 big kobolds
  11 bullfrogs
  4 scorpions
  5 killer bees (D:7)
  4 crimson imps
  A centaur zombie (D:7)
  A quasit (D:8)
  3 jellies
  2 hounds
  14 orc wizards
  A bullfrog skeleton (D:9)
  4 orc priests
  Terence (D:2)
  3 centaur skeletons
  Jessica (D:3)
  3 iguanas
  2 hell rats (Lair:3)
  9 worker ants
  2 killer bee zombies
  3 worker ant zombies
  Robin (D:3)
  A howler monkey zombie (D:6)
  4 gnolls (D:9)
  15 adders
  12 river rats
  3 shadow imps
  An ooze (Sewer)
  2 adder skeletons
  A worm (D:5)
  5 dart slugs
  7 leopard geckos
  22 orcs
  10 ball pythons
  8 bats
  8 giant cockroaches
  13 goblins
  7 hobgoblins
  16 jackals
  2 quokkas
  4 frilled lizards
  A jackal skeleton (D:8)
  29 kobolds
  2 leopard gecko skeletons
  2 quokka skeletons
  A quokka zombie (D:8)
  30 rats
397 creatures vanquished.

Vanquished Creatures (others)
  The ghost of grouchysmurf the Spear-Bearer, a novice MfGl (D:6)
  A basilisk (Lair:4)
  A goblin (D:3)
  A plant (Lair:3)
  A withered plant (D:6)
5 creatures vanquished.

Grand Total: 402 creatures vanquished

Notes
Turn   | Place    | Note
-------+----------+-------------------------------------------
     0 | Abyss:1  | Gargoyl the Draconian Abyssal Knight began the quest for
                  | the Orb.
     0 | Abyss:1  | Reached XP level 1. HP: 19/19 MP: 2/2
    28 | Abyss:1  | Noticed an iron imp
    83 | Abyss:1  | Noticed a spatial vortex
  1079 | Abyss:1  | Noticed a fire bat
  1080 | D:1      | Escaped the Abyss
  1198 | D:1      | Reached XP level 2. HP: 20/26 MP: 3/3
  1614 | D:1      | Reached XP level 3. HP: 33/33 MP: 4/4
  1616 | D:1      | Reached * piety under Lugonu
  2146 | D:2      | Found a blossoming altar of Fedhas.
  2626 | D:2      | Reached XP level 4. HP: 19/40 MP: 5/5
  3127 | D:3      | Found a hide-covered altar of Uskayaw.
  3250 | D:3      | Reached ** piety under Lugonu
  3270 | D:3      | Noticed Robin
  3525 | D:3      | Found a white marble altar of Elyvilon.
  3559 | D:3      | Killed Robin
  3559 | D:3      | Reached skill level 1 in Stealth
  3568 | D:3      | Noticed Terence
  3846 | D:2      | Killed Terence
  3846 | D:2      | Reached XP level 5. HP: 26/46 MP: 7/7
  3994 | D:3      | Noticed Jessica
  4004 | D:3      | Killed Jessica
  4004 | D:3      | Reached skill level 1 in Long Blades
  4055 | D:3      | Noticed Grinder
  4072 | D:3      | Killed Grinder
  4072 | D:3      | Reached XP level 6. HP: 43/53 MP: 8/8
  4500 | D:4      | Found a shadowy altar of Dithmenos.
  4619 | D:4      | Your scales start taking on a fiery red colour.
  4619 | D:4      | Reached XP level 7. HP: 52/60 MP: 8/10
  4619 | D:4      | Gained mutation: Your flesh is heat resistant. (rF+) [Red
                  | Draconian growth]
  4694 | D:4      | Found an opulent altar of Gozag.
  4714 | D:4      | Found the +8 whip "Snakebite" {curare, rPois}
  5056 | D:4      | Found an iron altar of Okawaru.
  5346 | D:5      | Entered Level 5 of the Dungeon
  5382 | D:5      | Reached skill level 1 in Shields
  5582 | D:5      | Reached skill level 1 in Maces & Flails
  5609 | D:5      | Found a glowing drain.
  5613 | Sewer    | Entered a sewer
  5886 | Sewer    | Reached skill level 5 in Fighting
  5895 | Sewer    | Reached *** piety under Lugonu
  6092 | Sewer    | Reached XP level 8. HP: 67/68 MP: 11/11
  6099 | Sewer    | Reached skill level 5 in Dodging
  6640 | D:5      | Reached skill level 5 in Invocations
  6644 | D:5      | Reached **** piety under Lugonu
  6666 | D:5      | You fall into a shaft and drop 3 floors!
  6708 | D:8      | Noticed a troll
  6717 | D:8      | Killed a troll
  6921 | D:7      | Found a radiant altar of Vehumet.
  7159 | D:7      | Reached XP level 9. HP: 70/74 MP: 13/13
  7602 | D:6      | Reached ***** piety under Lugonu
  7614 | D:6      | Reached skill level 5 in Maces & Flails
  7675 | D:6      | Found a staircase to the Ecumenical Temple.
  7817 | D:6      | Found a shattered altar of Ashenzari.
  7817 | D:6      | Found a sacrificial altar of Ru.
  8285 | D:6      | Identified a scroll of acquirement
  8517 | D:6      | Found a runed translucent door.
  8518 | D:6      | Noticed grouchysmurf's ghost (novice MfGl)
  8580 | D:6      | Found a shimmering altar of Xom.
  8671 | D:6      | Banished grouchysmurf's ghost
  9472 | D:8      | Noticed Pikel
  9574 | D:8      | Noticed a cyclops
  9586 | D:8      | Killed a cyclops
  9586 | D:8      | Reached XP level 10. HP: 73/83 MP: 13/15
  9599 | D:8      | Noticed Maurice
  9618 | D:8      | Killed Maurice
  9688 | D:8      | Noticed a centaur warrior
  9699 | D:8      | Killed a centaur warrior
  9885 | D:8      | Found a burning altar of Makhleb.
  9890 | D:8      | Killed Pikel
  9992 | D:8      | Found an ornate altar of the Wu Jian Council.
  9994 | D:8      | Noticed Prince Ribbit
  9999 | D:8      | Killed Prince Ribbit
 10091 | D:8      | Noticed a purple ugly thing
 10109 | D:8      | Killed a purple ugly thing
 10471 | D:8      | Found Une Dio's Distillery.
 10491 | D:8      | Bought a potion of curing for 39 gold pieces
 10491 | D:8      | Bought a potion of curing for 39 gold pieces
 10491 | D:8      | Bought a potion of curing for 39 gold pieces
 10610 | D:9      | Reached XP level 11. HP: 91/91 MP: 16/16
 10689 | D:8      | Reached skill level 5 in Stealth
 11033 | D:9      | Noticed a red ugly thing
 11049 | D:9      | Killed a red ugly thing
 11419 | D:9      | Found a staircase to the Lair.
 11856 | D:9      | Reached ****** piety under Lugonu
 12058 | D:9      | Found a shimmering blue altar of Sif Muna.
 12116 | Lair:1   | Entered Level 1 of the Lair of Beasts
 12317 | Lair:1   | Found a runed translucent gate.
 12361 | Lair:1   | Found a runed translucent gate.
 12362 | Lair:1   | Found a runed translucent gate.
 12366 | Lair:1   | Noticed Shaidar's ghost (novice HOFi)
 12847 | Lair:1   | Noticed a six-headed hydra
 12869 | Lair:1   | Banished a six-headed hydra
 13388 | Lair:1   | Noticed Urug
 13405 | Lair:1   | Killed Urug
 13729 | Lair:2   | Found a staircase to the Snake Pit.
 14101 | Lair:2   | Gained mutation: Your spells are a little harder to cast,
                  | but a little more powerful. [potion of mutation]
 14101 | Lair:2   | Gained mutation: You are somewhat resistant to further
                  | mutation. [potion of mutation]
 14101 | Lair:2   | Gained mutation: You are somewhat resistant to both further
                  | mutation and mutation removal. [potion of mutation]
 14210 | Lair:2   | Lost mutation: Your spells are a little harder to cast, but
                  | a little more powerful. [potion of mutation]
 14239 | Lair:3   | Reached skill level 10 in Dodging
 14394 | Lair:3   | Reached XP level 12. HP: 62/101 MP: 19/19
 14784 | Lair:3   | Found a staircase to the Shoals.
 15228 | Lair:4   | Noticed an eight-headed hydra
 15238 | Lair:4   | Killed an eight-headed hydra
 15243 | Lair:4   | Reached skill level 10 in Maces & Flails
 15966 | Lair:4   | Noticed a four-headed hydra
 15984 | Lair:4   | Killed a four-headed hydra
 15984 | Lair:4   | Reached skill level 5 in Shields
 16570 | Lair:4   | Reached skill level 10 in Invocations
 17318 | Lair:5   | Noticed a six-headed hydra
 17327 | Lair:5   | Got a blackened war axe
 17339 | Lair:5   | HP: 5/103 [six-headed hydra (13)]
 17339 | Lair:5   | HP: 2/103 [six-headed hydra (3)]
 17339 | Lair:5   | Slain by a six-headed hydra

Levels and vault maps discovered:
D:1:      dpeg_arrival_fog, layout_rooms, minmay_misc_feat_pillars, st_stairs_5,
          serial_park_tiny_1, minmay_quantized
D:2:      layout_loops_ring, fedhas_altar_1, minmay_crystal_room
D:3:      layout_basic, eat_drink_and_be_merry_uskayaw, elyvilon_altar_1,
          kennysheep_big_empty_room, uniq_jessica, uniq_terence, uniq_robin,
          uniq_grinder
D:4:      layout_cave_pools, lemuel_round_altar, grunt_dithmenos_shadows,
          first_ration, kennysheep_okawaru_gauntlet
D:5:      layout_basic, gup_sewer_entry_bowl
D:6:      layout_basic, marbit_many_paths, gammafunk_temple_overflow_elements,
          minmay_temple_entry_water_ring, gammafunk_ghost_grave
D:7:      layout_basic, nicolae_overflow_crystal_walls
D:8:      minmay_the_grid_plus_closed [minmay_the_grid_minigrid_small,
          minmay_the_grid_mess, minmay_the_grid_small_cups,
          minmay_the_grid_eight, minmay_the_grid_prize_four_corners],
          layout_loops_ring, kennysheep_mini, kennysheep_mini_moat,
          kennysheep_small_square, uniq_maurice, uniq_pikel, uniq_prince_ribbit1
D:9:      layout_small_grid, led_sif_book, erik_lair_orcish_takeover
Lair:1:   layout_loops_ring, gammafunk_ghost_necromancy, uniq_urug
Lair:2:   layout_hall_layers, dummy_snake_entry, small_statue_intersection
Lair:3:   layout_regular_city, elwin_shoals_entry_rooms, kennysheep_rathole,
          grunt_megastairs_4
Lair:4:   layout_gridlike
Lair:5:   layout_big_grid

Skill      XL: |  1  2  3  4  5  6  7  8  9 10 11 12 |
---------------+-------------------------------------+-----
Dodging        | 3 4 6 7 8 10 | 10.8
Stealth        | 1 2 3 4 5 |  5.8
Fighting       | 4 5 6 7 8 |  8.5
Long Blades    | 2 3 4 |  4.2
Invocations    | 3 4 5 6 7 9 10 | 10.1
Shields        | 1 2 3 4 5 |  5.6
Maces & Flails | 1 3 6 8 9 10 | 10.4
Axes           | |  2.9

Action                   |  1- 3 |  4- 6 |  7- 9 | 10-12 || total
-------------------------+-------+-------+-------+-------++-------
Melee: Hand axe          |   108 |    34 |       |       ||   142
       Tailslap          |     9 |    11 |    48 |    76 ||   144
       Long sword        |       |   105 |    10 |       ||   115
       Whip              |       |       |   383 |   628 ||  1011
Throw: Javelin           |       |       |       |     2 ||     2
Invok: Depart the Abyss  |     1 |       |       |       ||     1
       Banish            |       |       |     1 |     3 ||     4
 Abil: Breathe Fire      |       |       |    10 |    41 ||    51
Evoke: Wand              |       |       |     1 |       ||     1
  Use: Scroll            |     6 |     4 |     5 |    12 ||    27
       Potion            |       |     3 |       |     4 ||     7
 Stab: Sleeping          |     1 |     1 |    11 |     6 ||    19
       Distracted        |       |       |     1 |       ||     1
  Eat: Chunk             |     5 |     5 |    11 |    17 ||    38
       Ration            |       |       |     3 |     5 ||     8
Armor: Skin              |    40 |    52 |   103 |   168 ||   363
Dodge: Dodged            |    85 |    99 |   308 |   332 ||   824
Block: Buckler           |     4 |    19 |    50 |    43 ||   116
       Shield            |       |       |       |   174 ||   174
       Rpst.: Long sword |       |    16 |     2 |       ||    18

Table legend:
 A = Non-vault XP
 B = Vault XP
 C = Vault XP percentage of total XP
 D = Non-vault monster count
 E = Vault monster count
 F = Vault count percentage of total count
                 A         B        C        D         E       F
            +---------+---------+-------+---------+---------+-------
      Total |   23893 |    9433 |  28.3 |     263 |     133 |  33.6
            +---------+---------+-------+---------+---------+-------
        D:1 |      37 |      13 |  26.0 |      18 |       8 |  30.8
        D:2 |      61 |      42 |  40.8 |      20 |       2 |   9.1
        D:3 |      57 |     345 |  85.8 |      18 |      12 |  40.0
        D:4 |     335 |     125 |  27.2 |      10 |       3 |  23.1
        D:5 |     615 |       6 |   1.0 |      20 |       2 |   9.1
        D:6 |    1102 |     352 |  24.2 |      23 |       1 |   4.2
        D:7 |    1532 |       0 |   0.0 |      40 |       0 |   0.0
        D:8 |    1070 |    5719 |  84.2 |      15 |      30 |  66.7
        D:9 |    2119 |     539 |  20.3 |      33 |      10 |  23.3
     Lair:1 |    3673 |     824 |  18.3 |      14 |       1 |   6.7
     Lair:2 |    1899 |       0 |   0.0 |       9 |       0 |   0.0
     Lair:3 |    2920 |    1169 |  28.6 |      18 |      16 |  47.1
     Lair:4 |    7101 |       0 |   0.0 |      22 |       0 |   0.0
     Lair:5 |    1372 |       0 |   0.0 |       3 |       0 |   0.0
      Sewer |       0 |     299 | 100.0 |       0 |      48 | 100.0
            +---------+---------+-------+---------+---------+-------
